 Dungeon Crawl Stone Soup version 0.28.0-53-g5a82cb258f (webtiles) character file.

Game seed: 6377883430728513677

2 DocClef the Magician (level 1, 0/13 HPs)
             Began as a Gnoll Hedge Wizard on July 10, 2022.
             Slain by a quokka (4 damage)
             ... on level 1 of the Dungeon.
             The game lasted 00:00:14 (103 turns).

DocClef the Magician (Gnoll Hedge Wizard)            Turns: 103, Time: 00:00:14

Health: 0/13       AC:  2    Str:  9    XL:     1   Next: 30%
Magic:  5/8        EV: 13    Int: 13    God:
Gold:   0          SH:  0    Dex: 11    Spells: 13/14 levels left

rFire   . . .      SeeInvis .   a - +0 dagger
rCold   . . .      Faith    .   (no shield)
rNeg    . . .      Spirit   .   b - +0 robe
rPois   .          Reflect  .   c - +0 hat
rElec   .          Harm     .   (no cloak)
rCorr   .          Rampage  .   (no gloves)
Will    .....                   (no boots)
Stlth   ++........              (no amulet)
HPRegen 0.04/turn               (no ring)
MPRegen 0.11/turn               (no ring)

@: no status effects
A: fangs 1, strong nose, distributed training
a: no special abilities


You were on level 1 of the Dungeon.
You visited 1 branch of the dungeon, and saw 1 of its levels.

Inventory:

Hand Weapons
 a - a +0 dagger (weapon)
Armour
 b - a +0 robe (worn)
 c - a +0 hat (worn)


   Skills:
 + Level 0.0 Fighting
 + Level 0.0 Short Blades
 + Level 0.0 Long Blades
 + Level 0.0 Axes
 + Level 0.0 Maces & Flails
 + Level 0.0 Polearms
 + Level 0.0 Staves
 + Level 0.0 Slings
 + Level 0.0 Bows
 + Level 0.0 Crossbows
 + Level 0.0 Throwing
 + Level 0.0 Armour
 + Level 4.4 Dodging
 + Level 4.0 Stealth
 + Level 0.0 Shields
 + Level 0.0 Unarmed Combat
 + Level 7.0 Spellcasting
 + Level 1.9 Conjurations
 + Level 0.0 Hexes
 + Level 1.9 Summonings
 + Level 0.0 Necromancy
 + Level 1.9 Translocations
 + Level 0.0 Transmutations
 + Level 0.0 Fire Magic
 + Level 0.0 Ice Magic
 + Level 0.0 Air Magic
 + Level 0.0 Earth Magic
 + Level 0.0 Poison Magic
 + Level 0.1 Invocations
 + Level 0.0 Evocations


You had 13 spell levels left.
You knew the following spells:

 Your Spells              Type           Power      Damage    Failure   Level
a - Magic Dart            Conj           36%        1d4       7%          1

Your spell library contained the following spells:

 Spells                   Type           Power      Damage    Failure   Level
 Blink                    Tloc           18%        N/A       11%         2
 Call Imp                 Summ           9%         N/A       11%         2
 Slow                     Hex            16%        N/A       16%         1
 Conjure Flame            Conj/Fire      7%         6-21      30%         3
 Mephitic Cloud           Conj/Pois/Air  6%         N/A       34%         3


Dungeon Overview and Level Annotations

Branches:
Dungeon (1/15)

Altars:


Innate Abilities, Weirdness & Mutations

You have very sharp teeth.
Your uncanny sense of smell can sniff out nearby items.
Your experience applies equally to all skills.


Message History

You are too injured to fight recklessly!
You are too injured to fight recklessly!
You are too injured to fight recklessly!
You are too injured to fight recklessly!
You are too injured to fight recklessly!
You are too injured to fight recklessly!
You are too injured to fight recklessly!
You are too injured to fight recklessly!
You barely miss the quokka.
The quokka is moderately wounded.
The quokka bites you but does no damage.
You barely miss the quokka. Your bite misses the quokka.
The quokka is moderately wounded.
The quokka closely misses you.
You barely miss the quokka.
The quokka is moderately wounded.
The quokka closely misses you. The quokka completely misses you.
You closely miss the quokka. You bite the quokka, but do no damage.
The quokka is moderately wounded.
The quokka barely misses you.
You closely miss the quokka.
The quokka is moderately wounded.
The quokka bites you.
* * * LOW HITPOINT WARNING * * *
You hit the quokka.
The quokka is almost dead.
The quokka bites you but does no damage.
You barely miss the quokka. You bite the quokka, but do no damage.
The quokka is almost dead.
The quokka barely misses you.
You hit the quokka but do no damage.
The quokka is almost dead.
The quokka barely misses you. x2
You hit the quokka but do no damage.
The quokka is almost dead.
The quokka barely misses you.
You closely miss the quokka.
The quokka is almost dead.
The quokka bites you.
You die...

....#.#.# #....#
......#(#...)..#
..)...#.#......# .
#.....#.#.....##
.. .#...........#
†.. ..#.........#.
.... #######.#####
.....
#.##########......
#.........@r......
############......
....$ .... ... ..
#


You could see a quokka.

Vanquished Creatures
  A bat (D:1)
  A kobold (D:1)
  A rat (D:1)
3 creatures vanquished.

Notes
Turn   | Place    | Note
-------+----------+-------------------------------------------
     0 | D:1      | DocClef the Gnoll Hedge Wizard began the quest for the Orb.
     0 | D:1      | Reached XP level 1. HP: 13/13 MP: 8/8
   103 | D:1      | Slain by a quokka

Illustrated notes

Levels and vault maps discovered:
D:1:      matt_arrival_grand_opening, layout_basic,
          shapermc_ecumenical_altar_flowoftime, corexii_item_surrounded_by_moat

Action                   || total
-------------------------++-------
Melee: Dagger            ||    12
       Bite              ||     2
 Cast: Magic Dart        ||     6
Armor: Robe              ||     2
Dodge: Dodged            ||     9
